Cogmind - Beta 13 @@@ ROGUE MODE // 2024.04.03 @ 16:20:11 Player: Ashlemon Result: Destroyed by G-47 Trooper with Particle Gun Performance ------------- Evolutions (3) 1500 Regions Visited (4) 800 Robots Destroyed (35) 175 Value Destroyed (1354) 1354 Prototype IDs (1) 20 Alien Tech Used (0) 0 Bonus (0) 0 TOTAL SCORE: 3849 Bonus ------- None Cogmind --------- Core Integrity 0/700 Matter 7/300 Energy 100/100 System Corruption 0% Temperature Cool (9) Movement Rolling (100) Location -7/Factory Parts ------- > --- POWER (2) -------- (None) > --- PROPULSION (3) --- Compact Wheel > --- UTILITY (5) ------ Cryofiber Web Improved Signal Interpreter > --- WEAPON (3) ------- Heavy Laser Assault Cannon > --- INVENTORY (5) ---- Improved Heat Sink Core Analyzer Energy Filter Particle Charger Shock Absorption System Peak State ------------ > --- POWER ------------ Light Ion Engine Light Nuclear Core > --- PROPULSION ------- Improved Treads Armored Huge Wheel > --- UTILITY ---------- Large Storage Unit Advanced Weight Redist. System Improved Sensor Array Improved Signal Interpreter Terrain Scanner > --- WEAPON ----------- Heavy Ion Cannon Advanced Assault Cannon Advanced Assault Cannon > --- INVENTORY -------- Carbon-fiber Leg Improved Heat Sink Improved Heat Sink Improved Heat Sink Improved Cooling System Large Storage Unit Improved Targeting Computer Core Analyzer Armor Integrity Analyzer Energy Filter Particle Charger Beam Cannon Rocket Launcher [Rating: 40] Favorites ----------- Power Reinforced Ion Engine Engine Reinforced Ion Engine Power Core Light Nuclear Core Propulsion Improved Treads Treads Improved Treads Wheel Compact Wheel Flight Unit Xenon Bombardment Thruster Utility Terrain Scanner Device Terrain Scanner Storage Large Storage Unit Processor Improved Signal Interpreter Protection Light Armor Plating Weapon Beam Cannon Energy Gun Heavy Laser Energy Cannon Beam Cannon Ballistic Gun Assault Rifle Ballistic Cannon Advanced Assault Cannon Launcher Rocket Launcher Special Weapon Mining Laser Build | -11 -10 -9 -8 -7 ------- Run | Yrd Mat Mat Mat Fac Slots Evolved 6 | . . 2 2 2 Power 1 | . . . 1 . Propulsion 1 | . . . . 1 Utility 3 | . . 1 1 1 Weapon 1 | . . 1 . . Parts Attached 58 | 7 6 6 16 23 Power 8 | 1 . 1 2 4 Engine 5 | 1 . 1 1 2 Core 3 | . . . 1 2 Reactor . | . . . . . Propulsion 14 | 3 . 2 4 5 Treads 9 | 2 . 2 4 1 Leg . | . . . . . Wheel 4 | 1 . . . 3 Hover . | . . . . . Flight 1 | . . . . 1 Utility 16 | 1 1 2 5 7 Device 12 | . 1 1 4 6 Storage 2 | 1 . 1 . . Processor 1 | . . . . 1 Hackware . | . . . . . Protection 1 | . . . 1 . Artifact . | . . . . . Weapon 20 | 2 5 1 5 7 Energy Gun 2 | . 1 . . 1 Energy Cannon 8 | . 3 1 1 3 Ballistic Gun 3 | 2 1 . . . Ballistic Cannon 5 | . . . 4 1 Launcher 1 | . . . . 1 Special Weapon 1 | . . . . 1 Impact Weapon . | . . . . . Slashing Weapon . | . . . . . Piercing Weapon . | . . . . . Special Melee Weapon . | . . . . . Unidentified Prototypes 1 | . . . . 1 Parts Lost 34 | . 1 . 14 19 Power 5 | . . . 1 4 Propulsion 7 | . . . 3 4 Utility 10 | . . . 5 5 Weapon 12 | . 1 . 5 6 Highest Loss Streak 8 | . 1 . 8 8 To Critical Strikes . | . . . . . Average Slot Usage (%) 83 | . 87 98 92 54 Engine 9 | . 14 11 13 1 Core 1 | . . . . 3 Treads 16 | . 28 21 17 5 Device 19 | . 2 20 24 17 Storage 8 | . 14 11 9 2 Processor 1 | . . . . 6 Energy Gun 1 | . 6 . . 2 Energy Cannon 18 | . 4 33 23 2 Ballistic Gun 1 | . 15 . . . Ballistic Cannon 2 | . . . 2 6 Naked Turns . | . . . . . Heaviest Build 52 | 13 17 41 50 52 Greatest Support 52 | 40 40 46 46 52 Greatest Overweight (x) 4 | 3 . 1 1 4 Average Overweight (x) . | . . . . . Largest Inventory Capacity 15 | 8 8 15 15 15 Average Capacity 11 | 7 8 9 15 8 Most Carried 15 | 6 8 12 15 15 Average Carried 9 | 3 7 8 13 7 Final Capacity 15 | 8 8 15 15 5 Final Carried 14 | 6 8 12 14 5 Class Distribution -------------------- 50% | Skirmisher 42% | Mutant 7% | Tank Dominant Class ---------------- Mutant | -10/Materials Skirmisher | -9/Materials Skirmisher | -8/Materials Mutant | -7/Factory Resources | -11 -10 -9 -8 -7 ----------- Run | Yrd Mat Mat Mat Fac Matter Collected 997 | 255 91 303 280 68 Remotely . | . . . . . Salvage Created 1454 | . 114 452 787 101 Parts 77 | . 5 24 39 9 Haulers Intercepted . | . . . . . Recyclers Shooed . | . . . . . Parts Field Recycled . | . . . . . Retrieved Matter . | . . . . . Parts Self-Destructed . | . . . . . Prevented . | . . . . . Kills | -11 -10 -9 -8 -7 ------- Run | Yrd Mat Mat Mat Fac Combat Hostiles Destroyed 28 | . 2 8 16 2 Guns 2 | . 2 . . . Cannons 26 | . . 8 16 2 Classes Destroyed 10 | . 2 3 4 1 Worker 1 | . . . 1 . Builder 1 | . . . 1 . Tunneler 1 | . . . . 1 Recycler 1 | . . 1 . . Watcher 3 | . 1 2 . . Grunt 18 | . 2 5 10 1 Brawler 2 | . . 1 1 . Sentry 4 | . . 2 2 . Specialist 2 | . . . 2 . Hunter 2 | . . . 1 1 Best Kill Streak 4 | . 2 3 4 2 Combat Bots Only 4 | . 1 2 4 1 Max Kills in Single Turn 1 | . 1 1 1 1 Gunslinging . | . . . . . Exploded . | . . . . . Melee . | . . . . . Uniques/NPCs Destroyed . | . . . . . Combat | -11 -10 -9 -8 -7 -------- Run | Yrd Mat Mat Mat Fac Hostile Shots Fired 397 | . 17 25 166 189 Missed 111 | . 2 10 41 58 Damage Taken 4804 | . 194 203 2262 2145 Core 1190 | . 27 12 450 701 Absorbed by Shields 195 | . . . 195 . Core Remaining (%) 76 | 100 89 97 18 . Volleys Fired 114 | . 20 22 55 17 Largest 3 | . 2 3 3 3 Hottest 180 | . 120 180 180 161 Shots Fired 270 | . 32 66 137 35 Gun 31 | . 30 . . 1 Cannon 238 | . 2 66 137 33 Launcher 1 | . . . . 1 Special . | . . . . . Kinetic 84 | . 26 . 37 21 Thermal 181 | . 2 66 100 13 Explosive 1 | . . . . 1 Electromagnetic 4 | . 4 . . . Robot Hit Streak 11 | . 11 5 9 9 Robot Miss Streak 5 | . 3 2 3 5 Penetration Max . | . . . . . Secondary Targets . | . . . . . Shots Hit Robots 137 | . 23 28 75 11 Core Hits 73 | . 7 14 39 13 Critical Kills . | . . . . . Critical Parts Destroyed . | . . . . . Critical Strikes 1 | . . . 1 . Blast 1 | . . . 1 . Melee Attacks . | . . . . . Impact . | . . . . . Slashing . | . . . . . Piercing . | . . . . . Sneak Attacks . | . . . . . Combat Hostiles . | . . . . . Follow-up Attacks . | . . . . . Damage Inflicted 2990 | . 279 542 1581 588 Guns 279 | . 279 . . . Cannons 2615 | . . 542 1580 493 Explosions 73 | . . . . 73 Melee . | . . . . . Ramming 23 | . . . 1 22 Kinetic 1104 | . 217 . 579 308 Thermal 1728 | . . 542 1001 185 Explosive 73 | . . . . 73 Electromagnetic 62 | . 62 . . . Impact . | . . . . . Slashing . | . . . . . Piercing . | . . . . . Highest Corruption . | . . . . . Average Corruption . | . . . . . Corruption Purged . | . . . . . Corruption Blocked . | . . . . . Overload Shots . | . . . . . Overflow Damage 1 | . . . 1 . Projectiles 1 | . . . 1 . Explosions . | . . . . . Melee . | . . . . . Knockbacks 10 | . . . 4 6 Impact . | . . . . . Kinetic 10 | . . . 4 6 Secondary . | . . . . . Self-Inflicted Damage 56 | . . . . 56 Shots 1 | . . . . 1 Rammed 8 | . . . 2 6 Targets Rammed 8 | . . . 2 6 Kicked . | . . . . . Crushed . | . . . . . Highest Temperature 592 | . 60 501 592 564 Average Temperature 184 | . 18 162 167 330 Received Heat Transfer 1819 | . 105 84 664 966 Effects 35 | . . 4 14 17 Shutdowns 13 | . . 1 6 6 Energy Bleed 5 | . . 2 1 2 Interference 1 | . . . . 1 Matter Decay 2 | . . . 2 . Short Circuit 5 | . . 1 1 3 Damage (minor) 3 | . . . 2 1 Damage (major) 6 | . . . 2 4 Siege Activations . | . . . . . Robots Corrupted . | . . . . . Combat Hostiles . | . . . . . Parts Fried . | . . . . . Impact Corruptions . | . . . . . Robots Melted . | . . . . . Combat Hostiles . | . . . . . Parts Melted 5 | . . 4 1 . Heat Transferred 3515 | . . 1147 2109 259 Parts Sabotaged . | . . . . . Parts Stolen . | . . . . . Parts Stripped . | . . . . . Power Chain Reactions . | . . . . . Alert | -11 -10 -9 -8 -7 ------- Run | Yrd Mat Mat Mat Fac Peak Influence 220 | . 57 209 220 81 Initial 74 | . . 24 74 25 Average 73 | . 27 110 96 31 Maximum Alert Level 1 | . . 1 1 . Low Security (%) 95 | 100 100 97 88 100 Level 1 4 | . . 2 11 . Level 2 . | . . . . . Level 3 . | . . . . . Level 4 . | . . . . . Level 5 . | . . . . . High Security . | . . . . . Max Security . | . . . . . Squads Dispatched 11 | . . 3 5 3 Investigation 2 | . . 2 . . Extermination 1 | . . . . 1 Reinforcement 5 | . . 1 2 2 Assault . | . . . . . Garrison 3 | . . . 3 . Intercept . | . . . . . Searches Triggered . | . . . . . Construction Impeded . | . . . . . Haulers Reinforced 1 | . . . . 1 Active Scanning Responses . | . . . . . Cargo Convoy Interrupts . | . . . . . Stealth | -11 -10 -9 -8 -7 --------- Run | Yrd Mat Mat Mat Fac Distress Signals 3 | . 1 2 . . Communications Jammed . | . . . . . Distress Signals . | . . . . . Times Spotted 62 | . 5 15 27 15 Peak Tracking Total 5 | . 4 3 5 5 Tactical Retreats 6 | . . 2 1 3 Traps | -11 -10 -9 -8 -7 ------- Run | Yrd Mat Mat Mat Fac Traps Triggered 2 | . . 1 . 1 Indirectly . | . . . . . Trap Hack Attempts . | . . . . . Triggered . | . . . . . Disarmed . | . . . . . Reprogrammed . | . . . . . Reused . | . . . . . Traps Extracted . | . . . . . Installed . | . . . . . Triggered . | . . . . . Machines | -11 -10 -9 -8 -7 ---------- Run | Yrd Mat Mat Mat Fac Machines Disabled 3 | . . 1 2 . Max in Single Turn 1 | . . 1 1 . Machines Repaired . | . . . . . Machines Dismantled . | . . . . . Machines Sabotaged . | . . . . . Overloaded Fab Kills . | . . . . . Hacking | -11 -10 -9 -8 -7 --------- Run | Yrd Mat Mat Mat Fac Machines Accessed 5 | . . 3 2 . Terminals 3 | . . 2 1 . Fabricators . | . . . . . Repair Stations . | . . . . . Recycling Units . | . . . . . Scanalyzers 1 | . . 1 . . Garrison Access 1 | . . . 1 . Total Hacks 9 | . . 6 3 . Successful 5 | . . 3 2 . Failed 4 | . . 3 1 . Catastrophic . | . . . . . Database Lockouts . | . . . . . Manual 2 | . . 2 . . Terminals 7 | . . 5 2 . Fabricators . | . . . . . Repair Stations . | . . . . . Recycling Units . | . . . . . Scanalyzers 1 | . . 1 . . Garrison Access 1 | . . . 1 . Terminal Hacks 5 | . . 3 2 . Record 2 | . . 2 . . Emergency Access Points 1 | . . 1 . . Locate Traps 1 | . . . 1 . Hauler Manifests 1 | . . . 1 . Fabricator Hacks . | . . . . . Repair Station Hacks . | . . . . . Recycling Unit Hacks . | . . . . . Scanalyzer . | . . . . . Garrison Access Hacks . | . . . . . Unauthorized Hacks . | . . . . . Terminals . | . . . . . Fabricators . | . . . . . Repair Stations . | . . . . . Recycling Units . | . . . . . Scanalyzers . | . . . . . Garrison Access . | . . . . . Data Cores Recovered . | . . . . . Used . | . . . . . Hacking Detections 4 | . . 2 2 . Full Trace Events 1 | . . 1 . . Feedback Events . | . . . . . Feedback Blocked . | . . . . . Robot Schematics Acquired . | . . . . . Robots Built . | . . . . . Authchips . | . . . . . Time . | . . . . . Total Robot Build Rating . | . . . . . Part Schematics Acquired . | . . . . . Parts Built . | . . . . . Authchips . | . . . . . Time . | . . . . . Total Part Build Rating . | . . . . . Parts Repaired . | . . . . . Time . | . . . . . Parts Recycled . | . . . . . Recycled Matter . | . . . . . Retrieved Matter . | . . . . . Retrieved Components . | . . . . . Parts Scanalyzed . | . . . . . Part Schematics Acquired . | . . . . . Parts Damaged . | . . . . . Bothacking | -11 -10 -9 -8 -7 ------------ Run | Yrd Mat Mat Mat Fac Used RIF Installer . | . . . . . Robots Hacked . | . . . . . Non-combat . | . . . . . Combat . | . . . . . Robot Hacks Applied . | . . . . . Relay Couplers Released . | . . . . . Fabnet Peak Effective % . | . . . . . Robots Rewired . | . . . . . Allies Hacked . | . . . . . Hacks Repelled . | . . . . . Allies | -11 -10 -9 -8 -7 -------- Run | Yrd Mat Mat Mat Fac Total Allies . | . . . . . Largest Group . | . . . . . Highest-Rated Group . | . . . . . Highest-Rated Ally . | . . . . . Total Orders . | . . . . . Ally Attacks . | . . . . . Total Damage . | . . . . . Kills . | . . . . . Allies Corrupted . | . . . . . Allies Melted . | . . . . . Intel | -11 -10 -9 -8 -7 ------- Run | Yrd Mat Mat Mat Fac Robot Analysis Total . | . . . . . Derelict Logs Recovered . | . . . . . Drone Launches . | . . . . . Drone Recoveries . | . . . . . Exploration | -11 -10 -9 -8 -7 ------------- Run | Yrd Mat Mat Mat Fac Turns Passed 3304 | 121 296 766 1285 836 Spaces Moved 1836 | 69 144 412 491 720 Core 205 | 8 . . . 197 Treads 1263 | 58 144 412 491 158 Legs . | . . . . . Wheels 285 | 3 . . . 282 Hover . | . . . . . Flight 83 | . . . . 83 Fastest Speed 50 | 50 160 160 160 50 Average Speed 152 | 152 160 162 217 100 Slowest Speed 290 | 200 160 240 240 290 Overloaded Moves . | . . . . . Propulsion Burnouts . | . . . . . Robots Hopped . | . . . . . Cave-ins Triggered . | . . . . . Exploration Rate (%) 20 | 5 21 30 33 13 Regions Visited 4 Branch Regions . Pre-discovered Areas . | . . . . . Known Exits Taken . | . . . . . Unknown Exits Taken 4 | 1 1 1 1 . Scrap Searched . | . . . . . Spaces Dug . | . . . . . Terrain Destroyed 25 | . . . 14 11 Melee . | . . . . . Projectile 17 | . . . 14 3 AOE 8 | . . . . 8 Terrain Rammed . | . . . . . Walls Destroyed . | . . . . . Machines Disabled . | . . . . . Actions | -11 -10 -9 -8 -7 --------- Run | Yrd Mat Mat Mat Fac Total 2113 | 81 179 461 596 796 Wait 8 | . . . . 8 Move 1832 | 68 143 411 490 720 Hop . | . . . . . Pick Up 59 | 6 5 13 22 13 Fast Attach 26 | 6 4 2 1 13 Attach 27 | . 1 2 14 10 Detach 4 | . . . 2 2 Swap 5 | 1 1 2 1 . Drop 30 | . 5 9 9 7 Fire 114 | . 20 22 55 17 Melee . | . . . . . Ram 6 | . . . . 6 Kick . | . . . . . Crush 2 | . . . 2 . Escape Stasis . | . . . . . Rewire . | . . . . . Trap . | . . . . . Miscellaneous . | . . . . . Route ------- -11/Scrapyard -10/Materials (discovered 2 exits: *Mat / [*Min]) -9/Materials -8/Materials -7/Factory History --------- Turn | Location | Event 2 | -11/Scrapyard | Met Revision 17 20 | -11/Scrapyard | Discovered new exit (range 14) 122 | -11/Scrapyard | Entered Materials 200 | -10/Materials | Discovered new exit (range 16) 300 | -10/Materials | Discovered new exit (range 12) 318 | -10/Materials | Build established: Mutant 418 | -10/Materials | Entered another Materials area 418 | -9/Materials | Evolved 2 slots: Utility x1, Weapon x1 729 | -9/Materials | Build established: Skirmisher 1143 | -9/Materials | Discovered new exit (range 15) 1184 | -9/Materials | Entered another Materials area 1184 | -8/Materials | Evolved 2 slots: Power x1, Utility x1 1262 | -8/Materials | Garrison activated, responded to threat 1478 | -8/Materials | Lost 3 parts (2u1w) 2004 | -8/Materials | Garrison activated, responded to threat 2137 | -8/Materials | Garrison activated, responded to threat 2217 | -8/Materials | Lost 3 parts (1n1u1w) 2363 | -8/Materials | Core integrity fell below 50% 2379 | -8/Materials | Core integrity fell below 20% 2386 | -8/Materials | Build established: Mutant 2402 | -8/Materials | Lost 8 parts (1p2n2u3w) 2452 | -8/Materials | Discovered new exit (range 9) 2469 | -8/Materials | Entered Factory 2469 | -7/Factory | Evolved 2 slots: Propulsion x1, Utility x1 2825 | -7/Factory | Lost 8 parts (2p2n2u2w) 2882 | -7/Factory | Core integrity fell below 50% 2917 | -7/Factory | Lost 6 parts (1p1n4w) 2997 | -7/Factory | Lost 5 parts (1p1n3u) 3068 | -7/Factory | Core integrity fell below 20% 3305 | -7/Factory | Destroyed by G-47 Trooper with Particle Gun Last Messages --------------- Acquired Assault Cannon. Slammed into A-02 Transporter. Imp. Signal Interpreter broken. Destabilizing: Short circuit. Slammed into A-02 Transporter. A-02 Transporter calls for reinforcements. ALERT: Hostile activity reported, dispatching reinforcements to area. K-01 Serf cleans the Terminal. Triggered Proton Bomb Trap. A bubble of electromagnetic force engulfs the area. Door malfunctions. Terminal disabled. O-24 Administrator: "IFF HANDSHAKE FAILED. SECURING TERMINAL." K-01 Serf collects debris. K-01 Serf cleans the Assembly Bed. ALERT: Rogue bot located, Programmers report to Factory Zone 7F. Map ----- +----------------------------------------------------+ | | | | | | | | | | | | | | | | | | | | | | | | | ?????????????????????????????????????????????????? | | ?????????????????????????????????????????????????? | | ??????????????????????????????????????????????#### | | ??????????????????????????????????????????????# | | ??????????????????????????????????????????????# | | ??????????????????????????????????????????????+ | | ??????????????????????????????????????????????# | | ??????????????????????????????????????????????# | | ??????????????????????????????????????????????## | | ????????????????????????###?????????###????????# | | ???????????????????????? ????????? #????????# | | ????????????????????????# #?????????# #????????# | | ??????????????????????###/########### #????????# | | ??????????????????????# @ l ! # #????????# | | ??????????????????????# / # #???###### | | ??????????????????????# """ ! # ##### | | ??????????????????????# """ g | | ??????????????????????# """ "" "" # | | ??????????????????????# ""G"" # #### | | ??????????????????????############### #??? | | ?????????????????????????????????? #??? | | ???????????????????????????????? #??? | | ??????????????????????????????? #??? | | ?????????????????????????????? ### ##??? | | ?????????????????????????????? #?# #???? | | ????????????????????????????? #?# #???? | | ????????????????????????????? !! #?# #???? | | ????????????????????????????? !! #?# #???? | | ?????????????????????????????? #?# #???? | | ???????????????????????????????? #?# ????? | | ??????????????????????????????????"""" ###+##### | | ?????????????????????????????????????? ?# | | ??????????????????????????????????????????????"""" | | ??????????????????????????????????????????????"""" | | ?????????????????????????????????????????????""""" | | ??????????????????????????????????????????# """""" | | ??????????????????????????????????????????# | | ??????????????????????????????????????????+ """""" | +----------------------------------------------------+ Best States ------------- Heat Dissipation 55 Energy Generation 23 Energy Capacity 415 Matter Stores 300 Matter Capacity 300 Sight Range 16 Robot Scan Range 15 Terrain Scan Range 16 Terrain Scan Density 10 Additional Mass Support 9 Base Temperature (-) 100 Armor Coverage 150 Evasion (%) 60 Recoil Reduction 2 Energy Filtering 30 Kinecelleration 30 Item Schematics ----------------- None Robot Schematics ------------------ None Fabricated ------------ Nothing Alien Tech Used ----------------- None Achievements -------------- I Spy One Hack Too Far Oops Troublemaker Challenges ------------ None Game ------ Seed MyomerProcessingProtomatter Manual? 0 Play Time 00:32:00 Cumulative 4.0 hours Start 2024.04.03 @ 15:48:17 End 2024.04.03 @ 16:20:11 Sessions 1 Manual Loads 0 Difficulty Rogue Special Mode None Game No. 9 Rogue 9 Adventurer 0 Explorer 0 Win Type - Total 0 Types 0/0/0/0/0/0/0/0/0 Lore% 3 Gallery% 10 Achievement% 8 Wizard Run 0 Options --------- Layout 1 ASCII 0 Keyboard 1 Movement Arrows Keybinds 0 Fullscreen 1 Font 24/Smallcaps Map View 50x35 Zoom Use 0% Tactical HUD 0 Map Filters NONE Filters NONE Steam 1 RUN: 9b756b96-6875-43ec-b8d8-7f0476a92d2b